[Event "Early-Titled-Tuesday-Blitz-February-20-2024"]
[Site "Chess.com"]
[Date "2024.02.20"]
[Round "1"]
[White "Orest_Vovk"]
[Black "Khromkin"]
[Result "1-0"]
[WhiteElo "2655"]
[BlackElo "2322"]
[TimeControl "180+1"]
[EndTime "8:07:11 PST"]
[Termination "Orest_Vovk won on time"]

1. h4 d5 2. h5 h6 3. e4 dxe4 4.
Nc3 Nf6 5. Qe2 Bf5 6. Qb5+ Bd7 7.
Qxb7 Nc6 8. Bb5 Rb8 9. Qxc6 Bxc6 10. Bxc6+ Nd7 11. Nxe4 Rb6 12. Ba4 Re6 13. d3 f5 14.
Bb3 Re5 15. f4 Ra5 16. Nc3 Nc5 17. Bc4 Nb7 18. Nf3 e6 19. Ne5 Bc5 20. Ng6 Kf7 21.
Nxh8+ Qxh8 22. Bd2 Nd6 23. Bb3 Nb5 24. Na4 Bb6 25. Nxb6 axb6 26. Bxa5 bxa5 27. O-O-O Nd4 28. Rhe1 Qa8 29. Rd2 a4 30. Bc4 a3 31. c3 axb2+ 32.
Kxb2 Qa5 33. Rdd1 Nb5 34. Bxe6+ Kf8 35. Rc1 1-0

[Event "Early-Titled-Tuesday-Blitz-February-20-2024"]
[Site "Chess.com"]
[Date "2024.02.20"]
[Round "1"]
[White "Young_Catalan_Player09"]
[Black "Hikaru"]
[Result "1-0"]
[WhiteElo "2556"]
[BlackElo "3266"]
[TimeControl "180+1"]
[EndTime "8:07:16 PST"]
[Termination "Young_Catalan_Player09 won by resignation"]

1. Nf3 g6 2. d4 Bg7 3. c4 d6 4. g3 Bd7 5. Bg2 Qc8 6. h4 c5 7. d5 b5 8. cxb5 Bxb5 9. Nc3 Ba6 10. Qa4+ Nd7 11. O-O Nf6 12. Bf4 O-O 13. Rfe1 Rb8 14.
Qc2 Nb6 15. e4 Nc4 16. b3 Na3 17. Qd2 Nb5 18. Nxb5 Bxb5 19. e5 Nh5 20. Rac1 Nxf4 21. Qxf4 Rb6 22. exd6 exd6 23. Re7 a6 24. Ng5 Qf5 25.
Qxf5 gxf5 26. Bh3 h6 27. Nf3 Bd3 28. Nd2 f4 29. gxf4 Bd4 30. Nf3 Bf6 31. Re3 Bh7 32.
f5 Rb4 33. Rc4 Rfb8 34. Rxb4 Rxb4 35. Re8+ Kg7 36. Ra8 Rf4 37. Kg2 Bxf5 38. Bxf5 Rxf5 39. Rxa6 Rxd5 40. a4 Rd3 41. Rb6 Bc3 42. Nh2 Bb4 43. Ng4 f5 44. Ne3 f4 45. Nf5+ Kg6 46. Rxd6+ Rxd6 47. Nxd6 Kf6 48. Kf3 Ke5 49. Nc4+ Kd4 50. a5 Kc3 51. a6 Kxb3 52. a7 1-0

[Event "Early-Titled-Tuesday-Blitz-February-20-2024"]
[Site "Chess.com"]
[Date "2024.02.20"]
[Round "1"]
[White "jeetjain"]
[Black "Alexander_Donchenko"]
[Result "0-1"]
[WhiteElo "2510"]
[BlackElo "2937"]
[TimeControl "180+1"]
[EndTime "8:07:16 PST"]
[Termination "Alexander_Donchenko won by resignation"]

1. d4 Nf6 2. Nf3 d5 3. c4 e6 4. Nc3 Bb4 5. e3 O-O 6. cxd5 exd5 7. h3 Re8 8. Bd3 c6 9. O-O Nbd7 10. a3 Bd6 11. b4 b5 12. Qc2 a5 13. Ne2 Bb7 14. Bd2 axb4 15. Bxb4 Nb6 16. Nc3 Qe7 17. Bxd6 Qxd6 18.
a4 b4 19. Ne2 Ba6 20. a5 Bxd3 21.
Qxd3 Nc4 22. a6 Reb8 23. Rfb1 Ne4 24. Ra4 c5 25. a7 Rb7 26. Qc2 Raxa7 27. Rxa7 Rxa7 28.
dxc5 Qxc5 29. Nfd4 g6 30. Nf4 Nc3 31. Nd3 Qd6 32. Re1 Ra2 33. Qb3 Ra4 34. Rc1 Nd2 35. Qc2 Ra2 36. Qd1 Nxd1 0-1

[Event "Early-Titled-Tuesday-Blitz-February-20-2024"]
[Site "Chess.com"]
[Date "2024.02.20"]
[Round "1"]
[White "DreamsAreFake"]
[Black "viniciusrego"]
[Result "1-0"]
[WhiteElo "2748"]
[BlackElo "2408"]
[TimeControl "180+1"]
[EndTime "8:07:16 PST"]
[Termination "DreamsAreFake won by resignation"]

1. Nf3 g6 2. g3 Bg7 3. d4 d6 4.
Bg2 c5 5. c3 Nc6 6. O-O Nf6 7.
dxc5 dxc5 8. Qxd8+ Nxd8 9. Bf4 O-O 10. Na3 Ne6 11. Be5 Bd7 12. Rfd1 Bc6 13. Ne1 Bxg2 14. Nxg2 Rfd8 15. Bxf6 Bxf6 16. Ne3 Bg7 17. Nd5 Kf8 18. f4 Rd7 19. e4 Rad8 20. Kf1 Nc7 21. Ne3 h5 22.
Ke2 Ke8 23. Nac4 b6 24. a4 Rxd1 25. Nxd1 Kd7 26. Nde3 Rh8 27. Kf3 h4 28. g4 g5 29.
f5 Rd8 30. Rd1+ Ke8 31. Rxd8+ Kxd8 32. e5 Kd7 33. Ke4 Kc6 34. h3 a6 35. Nd2 b5 36.
axb5+ axb5 37. Nf3 Bh6 38. b3 e6 39. c4 b4 40. Nd1 Na8 41. Nf2 Nb6 42. Kd3 Nd7 43.
Ne4 Kb6 44. Nd6 exf5 45. gxf5 f6 46. e6 Ne5+ 47. Nxe5 fxe5 48. e7 1-0

[Event "Early-Titled-Tuesday-Blitz-February-20-2024"]
[Site "Chess.com"]
[Date "2024.02.20"]
[Round "1"]
[White "Hudijegszid"]
[Black "Aslanov_Umid"]
[Result "0-1"]
[WhiteElo "2326"]
[BlackElo "2667"]
[TimeControl "180+1"]
[EndTime "8:07:16 PST"]
[Termination "Aslanov_Umid won by checkmate"]

1. Nf3 d5 2. g3 c6 3. Bg2 Nf6 4. O-O Bg4 5. d4 Nbd7 6. c4 e6 7. h3 Bh5 8. Qb3 Qb6 9. Nc3 Be7 10. Nh4 O-O 11. g4 Bg6 12. Nxg6 hxg6 13. Rd1 dxc4 14. Qxc4 Rac8 15. e4 e5 16. Be3 exd4 17. Bxd4 c5 18. Be3 Ne5 19. Qe2 Rfd8 20. f4 Nc6 21. e5 Nd4 22. Bxd4 cxd4 23. Na4 Qe6 24. f5 gxf5 25. gxf5 Qxf5 26. exf6 Bxf6 27. Qd3 Qa5 28. b3 b5 29. Nb2 Rc3 30. Qd2 Qb6 31. Nd3 Rdc8 32. Rac1 Qd6 33. b4 Qg3 34. Nc5 Bg5 35. Rxc3 dxc3 36. Qc2 Be3+ 37. Kh1 Bf4 38. Kg1 Qh2+ 39. Kf1 Be3 40. Qxc3 Qg1+ 41. Ke2 Qf2+ 42. Kd3 Rd8+ 43. Ke4 Qf4# 0-1

[Event "Early-Titled-Tuesday-Blitz-February-20-2024"]
[Site "Chess.com"]
[Date "2024.02.20"]
[Round "1"]
[White "Der_Balak_3Halak"]
[Black "CSB7"]
[Result "0-1"]
[WhiteElo "2440"]
[BlackElo "2777"]
[TimeControl "180+1"]
[EndTime "8:07:17 PST"]
[Termination "CSB7 won by resignation"]

1. e4 e6 2. d4 d5 3. exd5 exd5 4. Bd3 c5 5. dxc5 Bxc5 6. Nf3 Nf6 7. O-O O-O 8. Bg5 h6 9. Bh4 Nc6 10. Nc3 Bg4 11.
Nxd5 Qxd5 12. Bxf6 Bxf3 13. gxf3 Qh5 14. Bc3 Qh4 15.
Qe2 Bd6 16. f4 Bxf4 17. f3 Rae8 18. Qg2 Be5 19. Bxe5 Nxe5 20. Be4 b6 21. Kh1 Qf6 22. Rae1 Ng6 23. Rg1 Nf4 24. Qg4 g6 25. b3 Kg7 26.
c4 h5 27. Qg3 Re5 28. a4 Rfe8 29. Rd1 Ne2 30. Qh3 Nxg1 31. Rxg1 Rg5 32. Rd1 Re7 33.
Rd8 Rxe4 34. Rg8+ Kxg8 35. fxe4 Qa1+ 0-1

[Event "Early-Titled-Tuesday-Blitz-February-20-2024"]
[Site "Chess.com"]
[Date "2024.02.20"]
[Round "1"]
[White "profedechess93"]
[Black "Witty_Alien"]
[Result "0-1"]
[WhiteElo "2647"]
[BlackElo "2339"]
[TimeControl "180+1"]
[EndTime "8:07:17 PST"]
[Termination "Witty_Alien won by checkmate"]

1. e4 c5 2. Nf3 d6 3. Bb5+ Nd7 4. d4 cxd4 5. Qxd4 Nf6 6. Bg5 a6 7.
Bxd7+ Qxd7 8. Nc3 Qc6 9. O-O-O Bg4 10. e5 Bxf3 11. exf6 e5 12. Rhe1 Bxd1 13. Qxd1 Qxg2 14. f4 O-O-O 15. fxg7 Bxg7 16. Bxd8 Rxd8 17. Rg1 Qxh2 18.
Rxg7 Qxf4+ 19. Kb1 d5 20. b3 d4 21. Na4 Kb8 22. Qh5 d3 23. cxd3 Rxd3 24. Rg8+ Ka7 25. Qh1 Qd4 26. Rg1 b5 27. Nb2 Rd2 28. Nd1 Qd3+ 29.
Ka1 Qc2 30. Nc3 Qb2# 0-1

[Event "Early-Titled-Tuesday-Blitz-February-20-2024"]
[Site "Chess.com"]
[Date "2024.02.20"]
[Round "1"]
[White "fighter2jz"]
[Black "amylazy"]
[Result "1-0"]
[WhiteElo "2773"]
[BlackElo "2429"]
[TimeControl "180+1"]
[EndTime "8:07:19 PST"]
[Termination "fighter2jz won on time"]

1. e4 c5 2. Nf3 e6 3. c4 Nc6 4. Nc3 d6 5. d4 cxd4 6. Nxd4 Nf6 7. Be2 Be7 8. O-O O-O 9. Be3 Bd7 10. Qd2 Rc8 11. f4 Nxd4 12. Bxd4 Bc6 13. Qe3 d5 14. e5 Ne4 15. Nxe4 dxe4 16. Bxa7 Qa5 17. Bb6 Qb4 18.
a3 Qxb2 19. Rfb1 Qc2 20. Rc1 Qa4 21. g4 Ra8 22. f5 exf5 23. gxf5 Ra6 24. Bd4 Rd8 25. f6 Bf8 26. e6 fxe6 27. fxg7 Be7 28. Rf1 Qa5 29. c5 Rxd4 30. Qxd4 Ra8 31. Bc4 Bd5 32.
Bxd5 exd5 33. Qxd5+ Kxg7 34. Qe5+ 1-0

[Event "Early-Titled-Tuesday-Blitz-February-20-2024"]
[Site "Chess.com"]
[Date "2024.02.20"]
[Round "1"]
[White "Mesa_1"]
[Black "Dewarfd"]
[Result "1-0"]
[WhiteElo "2574"]
[BlackElo "2150"]
[TimeControl "180+1"]
[EndTime "8:07:19 PST"]
[Termination "Mesa_1 won on time"]

1. d4 Nf6 2. c4 g6 3. Nf3 Bg7 4. Nc3 d5 5. Bg5 O-O 6. Bxf6 Bxf6 7. cxd5 c6 8. e4 Bg7 9. Be2 Bg4 10. O-O Bxf3 11. Bxf3 Qb6 12. dxc6 Nxc6 13. d5 Ne5 14. Qe2 Rfd8 15. Rac1 Nxf3+ 16. gxf3 e6 17. dxe6 Qxe6 18. Kg2 Rd7 19. Rfd1 Rad8 20. Rxd7 Rxd7 21. Rd1 Rxd1 22. Qxd1 Bxc3 23. bxc3 Qxa2 24. Qd8+ Kg7 25. Qd4+ Kg8 26. h4 Qa5 27. c4 b6 28. f4 Qc5 29.
Qd3 a5 30. e5 a4 31. h5 Kg7 32. Qd8 Qc6+ 33. Kg3 gxh5 34. f5 a3 35. f6+ Kg6 36.
Qg8+ Kf5 37. Qxf7 h4+ 38. Kh2 Qe4 39. Qxh7+ Kxe5 40. Qe7+ Kf4 41. Qd6+ Kf3 42. f7 1-0

[Event "Early-Titled-Tuesday-Blitz-February-20-2024"]
[Site "Chess.com"]
[Date "2024.02.20"]
[Round "1"]
[White "LiadCuba"]
[Black "Shield12"]
[Result "0-1"]
[WhiteElo "2517"]
[BlackElo "2970"]
[TimeControl "180+1"]
[EndTime "8:07:20 PST"]
[Termination "Shield12 won on time"]

1. d4 Nf6 2. c4 e6 3. Nc3 Bb4 4.
f3 O-O 5. e4 d5 6. cxd5 exd5 7. e5 Nfd7 8. f4 c5 9. Be3 cxd4 10. Bxd4 Nc6 11. Nf3 Nb6 12. a3 Nxd4 13.
Qxd4 Bxc3+ 14. bxc3 Bg4 15. Bd3 Bxf3 16. gxf3 Rc8 17.
O-O Qe7 18. Kh1 Rc6 19. Rg1 Rfc8 20. f5 f6 21. Rae1 fxe5 22. Rxe5 Qf6 23. Re6 Qxd4 24.
cxd4 Kf8 25. Re5 Rc1 26. f6 Rxg1+ 27. Kxg1 gxf6 28. Rh5 Rc3 29. Bxh7 Rxa3 30. Kf2 a5 31. Bf5 Nc4 32. Rh8+ Ke7 33. Rh7+ Kd6 34. Rxb7 a4 35. h4 Ra2+ 36. Kg3 Ne3 37. Bd3 Rd2 38. Bb5 Rxd4 39. Ra7 Nf5+ 0-1

[Event "Early-Titled-Tuesday-Blitz-February-20-2024"]
[Site "Chess.com"]
[Date "2024.02.20"]
[Round "1"]
[White "Chesstiger64"]
[Black "Yurovskykh_Oleksandr"]
[Result "1-0"]
[WhiteElo "2344"]
[BlackElo "2652"]
[TimeControl "180+1"]
[EndTime "8:07:20 PST"]
[Termination "Chesstiger64 won on time"]

1. d4 d5 2. Nf3 Nf6 3. e3 Bf5 4. c4 e6 5. Nc3 h6 6. Be2 c6 7. a3 Nbd7 8. b4 Bd6 9. Bb2 O-O 10.
O-O Qe7 11. Qb3 a6 12. c5 Bc7 13. a4 e5 14. b5 e4 15. Nd2 a5 16. b6 Bb8 17. Rae1 g6 18. Bc1 h5 19. Qd1 Kg7 20.
f3 exf3 21. Bxf3 Ng4 22. Bxg4 hxg4 23. Qe2 Rh8 24. g3 Nf6 25. Qf2 Rh3 26. Ne2 Nh7 27.
Nf4 Bxf4 28. exf4 Qd7 29. Re5 Nf6 30. Rfe1 Rah8 31. Re7 Qc8 32. Nf1 R8h7 33. R1e2 Ne4 34. Qg2 Kf6 35. Rc7 Qb8 36. Nd2 Rh8 37. Nxe4+ dxe4 38. d5 cxd5 39. Bb2+ Ke6 40. Qf2 Rxh2 41. Qd4 Rh1+ 42.
Kf2 R8h2+ 43. Ke3 Rxe2+ 44. Kxe2 Rh2+ 45. Ke3 1-0

[Event "Early-Titled-Tuesday-Blitz-February-20-2024"]
[Site "Chess.com"]
[Date "2024.02.20"]
[Round "1"]
[White "dimoni64"]
[Black "ninguno46"]
[Result "0-1"]
[WhiteElo "2092"]
[BlackElo "2556"]
[TimeControl "180+1"]
[EndTime "8:07:20 PST"]
[Termination "ninguno46 won by checkmate"]

1. d4 Nf6 2. c4 e6 3. Nc3 Bb4 4.
e3 b6 5. Bd3 Bb7 6. Nf3 c5 7. O-O O-O 8. Qe2 Re8 9. a3 Bxc3 10.
bxc3 Be4 11. Ne5 Bxd3 12. Qxd3 d6 13. Nf3 Nc6 14. e4 Nd7 15. Bg5 Qc7 16. Rfe1 e5 17. Rad1 Nf8 18. h3 Na5 19. Nd2 Rac8 20. Rc1 Qb7 21. Be3 Ng6 22. g3 Rcd8 23. f4 exf4 24.
gxf4 Nf8 25. f5 f6 26. Kh2 Rd7 27. Rg1 Rde7 28. d5 Nd7 29. Rg3 Ne5 30. Qe2 Qa6 31.
Rcg1 Rf7 32. Bh6 Ree7 33. Qg2 Qb7 34. h4 Naxc4 35. Nxc4 Nxc4 36. a4 Ne5 37. h5 Kf8 38. Bf4 Ke8 39. h6 gxh6 40. Rg8+ Kd7 41. Bxh6 Qa6 42. Qc2 Nf3+ 43. Kh1 Nxg1 44. Rxg1 Qc4 45.
Rg8 Qxe4+ 46. Qxe4 Rxe4 47. Ra8 Rh4+ 48. Kg2 Rxh6 49. Rxa7+ Ke8 50. Ra8+ Ke7 51. Ra7+ Kf8 52. Ra8+ Kg7 53. Rb8 Rh5 54. Rxb6 Rxf5 55. Rxd6 Kg6 56. a5 Ra7 57. a6 c4 58. Kg3 h5 59. Kh4 Rf3 60. Rc6 Rxc3 61. d6 Rd3 62. Rb6 c3 63.
Rc6 c2 64. d7 Rdxd7 65. Rxf6+ Kxf6 66. Kxh5 Rd5+ 67. Kg4 Ke5 68. Kf3 Rd4 69. Ke2 Rxa6 70.
Ke3 c1=Q+ 71. Kf2 Ra2+ 72. Kg3 Qf4+ 73. Kh3 Rh2# 0-1

[Event "Early-Titled-Tuesday-Blitz-February-20-2024"]
[Site "Chess.com"]
[Date "2024.02.20"]
[Round "1"]
[White "Muracle"]
[Black "rezamahdavi2008"]
[Result "1/2-1/2"]
[WhiteElo "2479"]
[BlackElo "2841"]
[TimeControl "180+1"]
[EndTime "8:07:21 PST"]
[Termination "Game drawn - insufficient material"]

1. d4 Nf6 2. Nf3 e6 3. g3 d5 4. Bg2 c5 5. O-O cxd4 6. Nxd4 e5 7. Nb3 a5 8. Bg5 a4 9. N3d2 Be7 10. c4 d4 11. e3 O-O 12. exd4 exd4 13. Na3 Nc6 14. Nb5 Be6 15. Re1 h6 16. Bxf6 Bxf6 17. Ne4 Be7 18. b3 axb3 19. axb3 Rxa1 20. Qxa1 Qd7 21. Rd1 Rd8 22. Qb2 f5 23. Nd2 Bf6 24. Nf3 Bf7 25. Qd2 b6 26. Qf4 g5 27. Qc7 Qxc7 28. Nxc7 Rd7 29.
Nd5 Kg7 30. Nxf6 Kxf6 31. Nxg5 hxg5 32. Bxc6 Rd6 33. Bd5 Bxd5 34. Rxd4 Ke5 35. Rxd5+ Rxd5 36. cxd5 Kxd5 37. Kf1 g4 38. Ke2 Kd4 39. f3 Kc3 40. fxg4 fxg4 41. Ke3 Kxb3 42. Kf4 Kc4 43. Kxg4 b5 44.
h4 b4 45. h5 b3 46. h6 b2 47. h7 b1=Q 48. h8=Q Qe4+ 49. Kg5 Qe3+ 50. Kh4 Qe4+ 51.
Kg5 Qe3+ 52. Kf5 Qf3+ 53. Ke6 Qxg3 54. Qc8+ Kb4 55. Qb7+ Kc4 56. Qc6+ Kb3 57. Qb5+ Ka3 58. Qc5+ Ka4 59. Kd7 Qg7+ 60. Kc6 Qg6+ 61. Kb7 Qf7+ 62. Kb6 Qe6+ 63. Qc6+ Qxc6+ 64. Kxc6 1/2-1/2

[Event "Early-Titled-Tuesday-Blitz-February-20-2024"]
[Site "Chess.com"]
[Date "2024.02.20"]
[Round "1"]
[White "JonSnowNW1"]
[Black "Flameboard08"]
[Result "1-0"]
[WhiteElo "2441"]
[BlackElo "2715"]
[TimeControl "180+1"]
[EndTime "8:07:21 PST"]
[Termination "JonSnowNW1 won on time"]

1. c4 b5 2. b3 bxc4 3. bxc4 c5 4. Nc3 Nc6 5. g3 e6 6. Bg2 Nge7 7. Nf3 g6 8. Ne4 Nf5 9. Bb2 Nfd4 10. e3 Nxf3+ 11. Qxf3 e5 12. Nf6+ Ke7 13. Ba3 Qa5 14.
Nd5+ Ke8 15. Qf6 Rg8 16. Bb2 d6 17. Qh4 Bg7 18. Bc3 Qd8 19. Qxd8+ Kxd8 20. Rb1 f5 21. Ne7 Kxe7 22. Bxc6 Be6 23. Bxa8 Rxa8 24. Rb7+ Kf8 25. d3 d5 26. O-O dxc4 27. dxc4 Bxc4 28. Rd1 Bxa2 29. Rdd7 Bf6 30. Rxa7 Rb8 31. Rxa2 h5 32. Ra6 Be7 33. Bxe5 1-0

[Event "Early-Titled-Tuesday-Blitz-February-20-2024"]
[Site "Chess.com"]
[Date "2024.02.20"]
[Round "1"]
[White "Mikhail_Golubev"]
[Black "Rosh1610"]
[Result "0-1"]
[WhiteElo "2665"]
[BlackElo "2369"]
[TimeControl "180+1"]
[EndTime "8:07:21 PST"]
[Termination "Rosh1610 won on time"]

1. e4 c5 2. Nf3 d6 3. d4 cxd4 4. Nxd4 Nf6 5. Nc3 a6 6. Bc4 e6 7. O-O b5 8. Bb3 Be7 9. Qf3 Qb6 10.
Be3 Qb7 11. Qg3 Nbd7 12. Rad1 b4 13. Nf5 exf5 14. Qxg7 Rf8 15. Nd5 Nxe4 16. Nxe7 Ndf6 17.
Nd5 Rg8 18. Qh6 Rg6 19. Qf4 Be6 20. Nxf6+ Nxf6 21. f3 Bxb3 22. axb3 Nd5 23. Qd4 Nxe3 24. Qxe3+ Kd7 25. Qd3 Qb5 26. Qxb5+ axb5 27. Rd4 Rc8 28. Rc1 Rc5 29. Rxb4 Rd5 0-1

[Event "Early-Titled-Tuesday-Blitz-February-20-2024"]
[Site "Chess.com"]
[Date "2024.02.20"]
[Round "1"]
[White "SahibSinghKnight"]
[Black "seasidesunset"]
[Result "0-1"]
[WhiteElo "2587"]
[BlackElo "2248"]
[TimeControl "180+1"]
[EndTime "8:07:21 PST"]
[Termination "seasidesunset won by resignation"]

1. e4 e6 2. d4 d5 3. Nd2 dxe4 4.
Nxe4 Nf6 5. Nxf6+ Qxf6 6. Nf3 h6 7. Bd3 Nc6 8. c3 Bd7 9. Qe2 Bd6 10. h4 Bf4 11. Be3 Bxe3 12. fxe3 O-O-O 13. O-O-O e5 14. Rdf1 Bg4 15. Qc2 exd4 16. exd4 Qd6 17. Nd2 Be6 18. Kb1 Qd5 19. Bc4 Qxg2 20. Bxe6+ fxe6 21. Rhg1 Qh3 22. Rxg7 Rhf8 23. Rxf8 Rxf8 24. Qe4 Rf2 25.
Rg8+ Nd8 26. Kc1 Rf6 27. b4 Qxc3+ 28. Kd1 Qxb4 29. Qe5 Qa4+ 30. Ke1 Rf7 31. Qxe6+ Qd7 32. Qxd7+ Kxd7 33. Nf3 Rxf3 34. Rg7+ Nf7 0-1

[Event "Early-Titled-Tuesday-Blitz-February-20-2024"]
[Site "Chess.com"]
[Date "2024.02.20"]
[Round "1"]
[White "HATilay"]
[Black "RianKapriaga"]
[Result "1-0"]
[WhiteElo "2616"]
[BlackElo "2265"]
[TimeControl "180+1"]
[EndTime "8:07:22 PST"]
[Termination "HATilay won by checkmate"]

1. e4 c6 2. d4 d5 3. e5 Bf5 4. Bd3 Bxd3 5. Qxd3 e6 6. Ne2 Qa5+ 7. Nbc3 Qa6 8. Qh3 Nd7 9. O-O Ne7 10. a4 h6 11. Re1 Rc8 12. a5 c5 13. Be3 Nf5 14. dxc5 Nxe3 15. Qxe3 Bxc5 16. Qg3 O-O 17. Ra4 f5 18. b4 f4 19. Qh4 Bxf2+ 20. Qxf2 Nxe5 21. b5 Qd6 22. Rxf4 Rxf4 23. Qxf4 Rf8 24. Qg3 Qc5+ 25. Kh1 Nc4 26. h3 Ne3 27. Nf4 Qxc3 28.
Rxe3 Qxc2 29. Nxe6 Rf7 30. Rf3 Qd1+ 31. Kh2 Re7 32.
Qg6 Qe2 33. Rf8# 1-0

[Event "Early-Titled-Tuesday-Blitz-February-20-2024"]
[Site "Chess.com"]
[Date "2024.02.20"]
[Round "1"]
[White "yaguigor"]
[Black "nicolochessit"]
[Result "1-0"]
[WhiteElo "2672"]
[BlackElo "2327"]
[TimeControl "180+1"]
[EndTime "8:07:23 PST"]
[Termination "yaguigor won by resignation"]

1. Nf3 d5 2. d4 Nf6 3. c4 c6 4. Nc3 e6 5. e3 Bd6 6. Bd3 O-O 7.
O-O dxc4 8. Bxc4 b5 9. Bb3 Nbd7 10. e4 e5 11. Be3 Qe7 12. Rc1 Bb7 13. dxe5 Nxe5 14. Nxe5 Bxe5 15. f3 Rfd8 16. Qe1 a6 17. Qf2 Rac8 18. Bc5 Bd6 19. Bxd6 Rxd6 20. Qc5 Nd7 21.
Qf5 Rf6 22. Qg5 h6 23. Qh4 Qc5+ 24. Qf2 Qxf2+ 25. Kxf2 c5 26. Bd5 Bxd5 27. Nxd5 Re6 28. b3 Nf6 29. Nf4 Rec6 30. e5 Nd7 31. Nd5 Kf8 32. f4 c4 33. b4 Nb6 34. Nc3 Rd8 35.
Rcd1 Rxd1 36. Rxd1 Ke7 37. Ke3 Rc7 38. Rd6 Rb7 39. Rxb6 Rxb6 40. Nd5+ Kd7 41. Nxb6+ Kc6 42. Nxc4 bxc4 43. Kd4 Kb5 44. Kc3 g6 45. a4+ Kc6 46.
Kxc4 Kb6 1-0

[Event "Early-Titled-Tuesday-Blitz-February-20-2024"]
[Site "Chess.com"]
[Date "2024.02.20"]
[Round "1"]
[White "sewlins"]
[Black "Russian_berezka"]
[Result "0-1"]
[WhiteElo "2127"]
[BlackElo "2565"]
[TimeControl "180+1"]
[EndTime "8:07:23 PST"]
[Termination "Russian_berezka won by resignation"]

1. e4 g6 2. d4 Bg7 3. Nc3 d5 4. Nxd5 c6 5. Nc3 Qxd4 6. Qxd4 Bxd4 7. Nf3 Bxc3+ 8. bxc3 Nd7 9. Bd3 Ngf6 10. O-O Nb6 11. a4 Be6 12. e5 Nfd7 13. a5 Nd5 14. c4 Nb4 15. Bd2 Nxd3 16. cxd3 O-O-O 17. Be3 a6 18. Rac1 Bg4 19. d4 Bxf3 20. gxf3 c5 21. f4 cxd4 22. Bxd4 e6 23. c5 Nb8 24. Be3 Rd5 25. Rb1 Nc6 26. Ra1 Rhd8 27. Rfb1 Rd3 28. Kg2 Ne7 29. Kf3 h5 30. Ra4 Nd5 31. c6 Nc3 32. cxb7+ Kb8 33. Rab4 Nxb1 34. Rxb1 R3d7 35. Rb6 Rxb7 36. Rxa6 Rd5 37.
Rc6 Rxa5 38. Rd6 Kc8 39. Kg3 Ra1 40. Kh4 Rg1 41. Bb6 Rd7 42. Bc5 Rxd6 43. Bxd6 Rg4+ 44. Kh3 Rxf4 0-1

[Event "Early-Titled-Tuesday-Blitz-February-20-2024"]
[Site "Chess.com"]
[Date "2024.02.20"]
[Round "1"]
[White "Egor_Koshulyan"]
[Black "pirulillo"]
[Result "1-0"]
[WhiteElo "2618"]
[BlackElo "2270"]
[TimeControl "180+1"]
[EndTime "8:07:24 PST"]
[Termination "Egor_Koshulyan won on time"]

1. e4 c5 2. Nf3 e6 3. b3 Nc6 4. Bb2 d5 5. exd5 exd5 6. Bb5 Qd6 7. O-O Ne7 8. d4 Bg4 9. h3 Bh5 10. Qd3 O-O-O 11. Bxc6 Qxc6 12. Ne5 Qe6 13. dxc5 f6 14. Nf3 Nc6 15. Re1 Qd7 16. Nd4 Bg6 17. Qc3 Kb8 18.
Nd2 Rc8 19. b4 Ne5 20. N4f3 Nc6 21. Nb3 Be4 22. Rad1 Qf5 23. Nbd4 Nxd4 24. Nxd4 Qg6 25. f3 Bf5 26. Qd2 Bd7 27. Ne6 Bxe6 28. Rxe6 Rd8 29. c6 b6 30. Qc3 Bd6 31. Rxd5 Qg3 32. Kf1 Bc5 33. Rxd8+ Rxd8 34. bxc5 Rd1+ 35. Ke2 1-0

[Event "Early-Titled-Tuesday-Blitz-February-20-2024"]
[Site "Chess.com"]
[Date "2024.02.20"]
[Round "1"]
[White "Kostukov_Alex"]
[Black "kakarot_001"]
[Result "1-0"]
[WhiteElo "2358"]
[BlackElo "2663"]
[TimeControl "180+1"]
[EndTime "8:07:25 PST"]
[Termination "Kostukov_Alex won on time"]

1. g3 e5 2. c4 c6 3. Bg2 d5 4. cxd5 cxd5 5. d4 e4 6. Nc3 Nc6 7. Nh3 Bb4 8. O-O h6 9. Nf4 Nf6 10. f3 exf3 11. exf3 O-O 12. Be3 Re8 13. Bf2 Bf5 14. Nd3 Bd6 15. f4 Be4 16. Ne5 Bxg2 17. Kxg2 Bxe5 18. dxe5 Ne4 19. Qxd5 Nxc3 20. Qxd8 Rexd8 21. bxc3 Rd2 22. Rfd1 Rc2 23. Rdc1 Rd2 24. Rd1 Rc2 25. Rd3 Na5 26. Kf3 b6 27. h4 Rc8 28.
Bd4 Nc4 29. h5 Rh2 30. g4 a5 31. Ke4 Rd8 32. a4 Nb2 33. Rg3 Nc4 34. g5 Rxh5 35. gxh6 Rxh6 36. e6 Rxe6+ 37. Kf5 Nd2 38. Rxg7+ 1-0

[Event "Early-Titled-Tuesday-Blitz-February-20-2024"]
[Site "Chess.com"]
[Date "2024.02.20"]
[Round "1"]
[White "AttackSparrow"]
[Black "ElephantChessGenius"]
[Result "1/2-1/2"]
[WhiteElo "2634"]
[BlackElo "2314"]
[TimeControl "180+1"]
[EndTime "8:07:25 PST"]
[Termination "Game drawn - insufficient material"]

1. Nf3 c5 2. e3 g6 3. d4 Bg7 4. Be2 Nf6 5. O-O O-O 6. c3 b6 7. a4 Bb7 8. a5 cxd4 9. exd4 bxa5 10. Qa4 Nc6 11. Nbd2 Nd5 12. Nb3 Nb6 13. Qa3 d6 14. Nxa5 Nxa5 15. Qxa5 Qc7 16. Re1 Rfc8 17. Bf4 Qd7 18. Bg3 Nc4 19. Qa4 Qxa4 20. Rxa4 Nxb2 21. Rb4 Bxf3 22. Bxf3 Nd3 23. Bxa8 Rxa8 24. Rxe7 Nxb4 25. cxb4 Bxd4 26. Bxd6 a5 27. bxa5 Rxa5 28. g4 Ra2 29.
Bg3 Kg7 30. Rd7 Bf6 31. h4 h6 32. Kg2 g5 33. h5 Ra4 34. Kh3 Ra5 35. Rb7 Be5 36.
Bxe5+ Rxe5 37. Kg3 Ra5 38. f3 Ra3 39. Rb6 Rc3 40. Kf2 Ra3 41. Rb5 Rc3 42. Ke2 Ra3 43. Rf5 Ra2+ 44. Ke3 Ra3+ 45. Kf2 Rb3 46. Ke2 Rb4 47. Kd3 Ra4 48. Ke3 Rb4 49. Rd5 Ra4 50. Rd4 Ra3+ 51. Ke4 Rb3 52. f4 gxf4 53. Kxf4 Rb1 54.
Rd3 Rf1+ 55. Rf3 Rxf3+ 56. Kxf3 Kf6 57. Kf4 Ke6 58. g5 hxg5+ 59. Kxg5 Ke7 60. h6 Kf8 61. Kf6 Kg8 62. h7+ Kxh7 63. Kxf7 1/2-1/2

[Event "Early-Titled-Tuesday-Blitz-February-20-2024"]
[Site "Chess.com"]
[Date "2024.02.20"]
[Round "1"]
[White "MKlose11"]
[Black "cristiano78"]
[Result "1/2-1/2"]
[WhiteElo "2626"]
[BlackElo "2288"]
[TimeControl "180+1"]
[EndTime "8:07:26 PST"]
[Termination "Game drawn - insufficient material"]

1. e4 c5 2. Nc3 d6 3. g3 Nc6 4. d3 g6 5. Bg2 Bg7 6. Be3 Nd4 7.
Qd2 Rb8 8. Nd1 b5 9. c3 Ne6 10. Ne2 h5 11. h3 Nh6 12. O-O f5 13. d4 cxd4 14. cxd4 fxe4 15. Bxe4 Nf5 16. Nf4 Nxf4 17. Bxf4 O-O 18. d5 Nd4 19. Bg2 Bf5 20. Nc3 b4 21.
Ne2 Nxe2+ 22. Qxe2 Qd7 23. Rac1 Bxh3 24. Bxh3 Qxh3 25.
Rc7 Rf7 26. Rxe7 Rbf8 27. Rxf7 Rxf7 28. Rc1 h4 29. Bxd6 hxg3 30. Bxg3 Bd4 31. Qe8+ Rf8 32.
Qe6+ Qxe6 33. dxe6 Re8 34. b3 Rxe6 35. Rc7 Re2 36. Rb7 Bb6 37. Kg2 Rxa2 38. Kf3 Rb2 39. Kg4 Rxb3 40. Kg5 Rf3 41. Kxg6 Kf8 42. Bd6+ Ke8 43.
Bxb4 Rxf2 44. Bd6 Bd4 45. Bb8 Rf6+ 46. Kg5 Rb6 47. Rxb6 Bxb6 48. Bxa7 1/2-1/2

[Event "Early-Titled-Tuesday-Blitz-February-20-2024"]
[Site "Chess.com"]
[Date "2024.02.20"]
[Round "1"]
[White "szachuspl"]
[Black "adotand"]
[Result "0-1"]
[WhiteElo "2514"]
[BlackElo "2961"]
[TimeControl "180+1"]
[EndTime "8:07:27 PST"]
[Termination "adotand won by resignation"]

1. d4 Nf6 2. c4 e6 3. Nf3 Bb4+ 4. Bd2 Be7 5. Nc3 d5 6. Bg5 Nbd7 7. e3 h6 8. Bh4 O-O 9. Qc2 b6 10. cxd5 exd5 11.
Bd3 Bb7 12. O-O c5 13. Rad1 Rc8 14. Rfe1 Re8 15. Bf5 c4 16. Ne5 Rb8 17. f4 Nf8 18. a4 a6 19. g4 g6 20. Nxg6 fxg6 21. Bxg6 Nxg4 22. Qf5 Bxh4 23. Qxg4 Nxg6 24. Qxg6+ Kf8 25. Qxh6+ Kf7 26. Qh5+ Ke6 27. Re2 Qf6 28. Rg2 Rg8 29. Rd2 Rh8 30. Qg4+ Kd6 31. e4 dxe4 32. d5 Rbe8 33.
Rde2 Qd4+ 34. Kh1 Kc7 35. Qg7+ Qxg7 36. Rxg7+ Kb8 37. Rg6 Ka7 38. Rg7 e3 39. Kg2 Bf6 40.
Rf7 Bd4 41. Kf3 Rh3+ 42. Kg4 Reh8 43. Rg7 Ka8 44. Rf7 Bxc3 45. bxc3 Bxd5 46. Re7 Bf3+ 47. Kf5 Bxe2 0-1